 Dungeon Crawl Stone Soup version 0.20-a0-548-g4f8a798 (webtiles) character file.

294 Alarkh the Chopper (level 6, 49/49 HPs)
             Began as a Demonspawn Monk on Feb 1, 2017.
             Got out of the dungeon alive.
             The game lasted 00:03:51 (2856 turns).

Alarkh the Chopper (Demonspawn Monk)                Turns: 2856, Time: 00:03:51

Health: 49/49      AC:  8    Str: 12    XL:     6   Next: 11%
Magic:  6/6        EV: 12    Int: 13    God:
Gold:   274        SH:  0    Dex: 15    Spells: 5/5 levels left

rFire    . . .     SeeInvis .   a - +0 hand axe
rCold    . . .     Gourm    .   t - +0 troll leather armour
rNeg     . . .     Faith    .   (no shield)
rPois    .         Spirit   +   j - +0 helmet
rElec    .         Reflect  .   p - +0 cloak
rCorr    +         Harm     .   (no gloves)
MR       .....                  (no boots)
Stlth    +++.......             w - amulet of guardian spirit
Regen    0.6/turn               z - ring of stealth
                                A - ring of resist corrosion

@: no status effects
A: talons 1, rugged brown scales 2, powered by pain 1, wild magic 1
a: no special abilities


You escaped.
You were not hungry.

You visited 1 branch of the dungeon, and saw 4 of its levels.

You collected 274 gold pieces.

Inventory:

Hand Weapons
 a - a +0 hand axe (weapon)
 x - the +4 long sword of Scorn {slice, rElec}
   (You found it on level 4 of the Dungeon)

   It inflicts extra damage upon your enemies.
   It insulates you from electricity.
Armour
 b - a +0 robe
 j - a +0 helmet (worn)
 p - a +0 cloak (worn)
 t - a +0 troll leather armour (worn)
Jewellery
 i - an uncursed ring of magical power
 w - an amulet of guardian spirit (around neck)
 z - a ring of stealth (right hand)
 A - a ring of resist corrosion (left hand)
Wands
 o - a wand of scattershot (6/9)
 r - a wand of lightning (7/15)
Scrolls
 e - a scroll of identify
 f - a scroll of teleportation {unknown}
 g - 3 scrolls of magic mapping
 q - 3 scrolls of recharging {unknown}
 s - 2 scrolls of remove curse {unknown}
 v - 2 scrolls of fog {unknown}
 y - a scroll of immolation {unknown}
Potions
 h - a potion of resistance
 l - 2 potions of flight
 m - 2 potions of heal wounds
Books
 u - a book of Cantrips

   Spells                             Type                      Level
   a - Confusing Touch                Hexes                        1
   b - Animate Skeleton               Necromancy                   1
   c - Summon Small Mammal            Summoning                    1
   d - Apportation                    Translocation                1
Comestibles
 c - 5 bread rations
 d - 4 royal jellies
 k - 2 meat rations


   Skills:
 - Level 3.0 Fighting
 + Level 6.3 Axes
 - Level 2.6 Dodging
 - Level 1.7 Stealth


You had 5 spell levels left.
You didn't know any spells.

Dungeon Overview and Level Annotations

Branches:
Dungeon (4/15)
 Temple: D:4-7

Altars:
Dithmenos
Xom
Yredelemnul
Zin


Innate Abilities, Weirdness & Mutations

You have sharp toenails.
You are mostly covered in rugged brown scales. (AC +2, +5% HP)
You sometimes gain a little power by taking damage.
Your spells are a little harder to cast, but a little more powerful.


Message History

You see here a spear.
You see here an enchanted spear.
There is a stone staircase leading up here.
You climb upwards.
There is a stone staircase leading down here.
There is a stone staircase leading up here.
You climb upwards.
There is a stone staircase leading down here.
There is a stone staircase leading up here.
You climb upwards.
There is a stone staircase leading down here.
You climb downwards.
There is a stone staircase leading up here.
You climb upwards.
There is a stone staircase leading down here.
This raw flesh tastes terrible.
There is an open door here.
There is a staircase leading out of the dungeon here.
Are you sure you want to leave the Dungeon?
This will make you lose the game!
You have escaped!

#...........#
#.###########
#.# #.# #.#
#.# #.##
#..## #..@#
##.## ###


There were no monsters in sight!

Vanquished Creatures
  A scorpion (D:4)
  2 hounds (D:4)
  An orc wizard (D:3)
  3 gnolls (D:4)
  5 adders
  5 worms
  A dart slug (D:1)
  3 leopard geckos
  9 orcs
  A ball python (D:3)
  3 giant cockroaches
  9 goblins
  4 hobgoblins
  7 kobolds
  3 quokkas
  4 bats
  2 frilled lizards
  A quokka skeleton (D:4)
  6 rats
70 creatures vanquished.

Notes
Turn   | Place    | Note
-------+----------+-------------------------------------------
     0 | D:1      | Alarkh the Demonspawn Monk began the quest for the Orb.
     0 | D:1      | Reached XP level 1. HP: 18/18 MP: 1/1
    98 | D:1      | Reached skill level 3 in Axes
   379 | D:1      | Gained mutation: You sometimes gain a little power by taking damage. [demonic ancestry]
   379 | D:1      | Reached XP level 2. HP: 24/24 MP: 2/2
   579 | D:2      | Found a basalt altar of Yredelemnul.
   582 | D:2      | Found a shadowy altar of Dithmenos.
   585 | D:2      | Found a glowing silver altar of Zin.
   610 | D:2      | Reached XP level 3. HP: 18/29 MP: 3/3
  1086 | D:2      | Reached skill level 4 in Axes
  1386 | D:3      | Reached XP level 4. HP: 34/35 MP: 4/4
  1705 | D:3      | Reached skill level 5 in Axes
  1767 | D:3      | Gained mutation: Your spells are a little harder to cast, but a little more powerful. [potion of beneficial mutation]
  1768 | D:3      | Gained mutation: You are partially covered in rugged brown scales. (AC +1, +3% HP) [potion of beneficial mutation]
  2105 | D:4      | Gained mutation: You are mostly covered in rugged brown scales. (AC +2, +5% HP) [demonic ancestry]
  2105 | D:4      | Reached XP level 5. HP: 36/43 MP: 0/5
  2325 | D:4      | Got a crude long sword
  2326 | D:4      | Identified the +4 long sword of Scorn {slice, rElec} (You found it on level 4 of the Dungeon)
  2359 | D:4      | Reached skill level 6 in Axes
  2418 | D:4      | Found a shimmering altar of Xom.
  2446 | D:4      | Paralysed by an orc for 3 turns
  2576 | D:4      | Gained mutation: You have sharp toenails. [demonic ancestry]
  2576 | D:4      | Reached XP level 6. HP: 49/49 MP: 6/6
  2856 | D:$      | Got out of the dungeon alive.

Vault maps used:
D:1:      saegor_arrival_simple_a
D:2:      grunt_temple_overflow_diamond
D:4:      tgw_xom, corexii_leaking_fountain

Skill      XL: |  1  2  3  4  5 |
---------------+----------------+-----
Axes           | 3 4 5 6 |  6.3
Fighting       | |  3.0
Dodging        | |  2.6
Stealth        | |  1.7

Action                   |  1- 3 |  4- 6 || total
-------------------------+-------+-------++-------
Melee: Hand axe          |   145 |   172 ||   317
       Long sword        |       |     4 ||     4
       Kick              |       |     1 ||     1
  Use: Scroll            |     3 |     4 ||     7
       Potion            |       |     2 ||     2
 Stab: Sleeping          |     1 |     4 ||     5
  Eat: Chunk             |     2 |     5 ||     7
Armor: Robe              |     5 |       ||     5
       Troll leather arm |    36 |    55 ||    91
Dodge: Dodged            |    90 |   124 ||   214
       Rpst.: Long sword |       |     1 ||     1
